 Dungeon Crawl Stone Soup version 0.17.0 (webtiles) character file.

390 Softman25 the Cudgeler (level 6, 0/49 HPs)
             Began as a Demonspawn Berserker on Nov 21, 2015.
             Was a Believer of Trog.
             Slain by an orc
             ... wielding a +0 club
              (3 damage)
             ... on level 4 of the Dungeon.
             The game lasted 00:15:22 (3378 turns).

Softman25 the Cudgeler (Demonspawn Berserker)       Turns: 3378, Time: 00:15:22

Health: 0/49       AC:  6    Str: 22    XL:     6   Next: 50%
Magic:  6/6        EV: 11    Int:  8    God:    Trog [**....]
Gold:   209        SH:  0    Dex: 13    Spells: 0 memorised, 5 levels left

rFire  . . .     SeeInvis .     a - +0 mace
rCold  . . .     Clarity  .     j - +1 ring mail
rNeg   + . .     SustAt   .     (no shield)
rPois  .         Gourm    .     (helmet restricted)
rElec  .         Spirit   .     (no cloak)
rCorr  .         Warding  .     (no gloves)
rMut   .         Stasis   .     (no boots)
MR     .....                    (no amulet)
Stlth  +.........               p - +3 ring of strength
                                f - ring of positive energy

@: not resistant to hostile enchantments, very unstealthy
A: beak, claws 1, hooves 1, mutation resistance 1, powered by death 2
a: Berserk, Trog's Hand, Burn Spellbooks, Renounce Religion


You were on level 4 of the Dungeon.
You worshipped Trog.
Trog was pleased with you.
You were completely stuffed.

You visited 1 branch of the dungeon, and saw 4 of its levels.

You collected 209 gold pieces.

Inventory:

Hand Weapons
 a - a +0 mace (weapon)
Armour
 j - a +1 ring mail (worn)
Jewellery
 f - a ring of positive energy (left claw)
 i - an uncursed ring of wizardry
 p - a +3 ring of strength (right claw)
Wands
 q - a wand of slowing (36)
Scrolls
 b - a scroll of identify
 d - a scroll of teleportation
 n - a scroll of magic mapping {unknown}
 o - a scroll of enchant weapon {unknown}
Potions
 e - a potion of lignification
 k - a potion of brilliance {unknown}
 l - 2 potions of agility
 r - a potion of curing {unknown}
Miscellaneous
 m - a plain deck of changes
Comestibles
 c - 4 bread rations
 g - 4 fruits
 h - a slice of pizza


   Skills:
 + Level 4.4 Fighting
 * Level 5.3 Maces & Flails
 + Level 3.2 Armour
 - Level 1.7 Dodging


You had 5 spell levels left.
You didn't know any spells.

Dungeon Overview and Level Annotations

Branches:
Dungeon (4/15)
 Temple: D:4-7

Altars:
Fedhas
Nemelex Xobeh
Sif Muna

Annotations:
D:4 Blork the orc


Innate Abilities, Weirdness & Mutations

You have sharp fingernails.
You have large cloven feet.
You regenerate health from kills.
You have a beak for a mouth.
You are somewhat resistant to further mutation.


Message History

Blork the orc is moderately wounded.
The orc splashes around in the water.
The orc hits you but does no damage. Blork the orc closely misses you.
Your unstable footing causes you to fumble your attack.
The orc barely misses you. The orc hits you with a club.
You hit Blork the orc. Your kick misses Blork the orc.
Your peck misses Blork the orc.
Blork the orc is heavily wounded.
Blork the orc casts a spell.
Blork the orc seems to speed up.
The orc splashes around in the water.
The orc barely misses you.
You hit Blork the orc but do no damage.
Blork the orc is heavily wounded.
Blork the orc gestures at you while chanting.
The puff of flame hits you! The orc barely misses you.
Blork the orc hits you with a battleaxe of electrocution!
You are electrocuted!
* * * LOW HITPOINT WARNING * * *
The orc hits you with a club.
You die...

o≈≈P ..# ....≈P≈≈P ..
≈...≈P≈≈≈♣# ... ....P≈≈
≈.##.. ...≈≈≈≈ ♣.....# .
.P≈≈≈ ♣..# .# ...♣P≈≈♣♣..# .#
...≈P≈≈♣)..# <# ♣P≈o@...##.#
%...♣≈♣oo.....###### ##.....
. ..♣........♣..... #...#..
..#......#P≈≈.≈P≈≈P #.#...#
.# ###...#....≈.≈.≈≈
....#.##.#......###.≈.≈≈≈≈≈≈.
♣♣≈.#.##.#.##### #..≈≈≈≈≈≈.≈
≈≈≈.#.##.#.# #..≈≈≈P≈≈.≈
♣♣≈.#..#.#.# #..≈≈♣≈≈≈≈≈


You could see Blork the orc and 2 orcs.

Vanquished Creatures
  Sigmund (D:2)
  A hound (D:4)
  An orc wizard (D:4)
  Jessica (D:2)
  A worker ant (D:4)
  6 adders
  2 oozes (D:2)
  3 worms
  4 giant geckos
  An orc (D:4)
  4 hobgoblins
  A quokka (D:2)
  7 bats
  4 giant cockroaches
  3 giant newts
  9 goblins
  8 kobolds
  7 rats
64 creatures vanquished.

Notes
Turn   | Place    | Note
--------------------------------------------------------------
     0 | D:1      | Softman25 the Demonspawn Berserker began the quest for the Orb.
     0 | D:1      | Reached XP level 1. HP: 18/18 MP: 1/1
   406 | D:1      | Gained mutation: You have large cloven feet. [demonic ancestry]
   406 | D:1      | Reached XP level 2. HP: 22/24 MP: 2/2
  1313 | D:2      | Reached ** piety under Trog
  1367 | D:2      | Reached XP level 3. HP: 22/29 MP: 3/3
  1503 | D:2      | Noticed Jessica
  1518 | D:2      | Killed Jessica
  1543 | D:2      | Gained mutation: You regenerate a little health from kills. [demonic ancestry]
  1543 | D:2      | Reached XP level 4. HP: 33/36 MP: 4/4
  1833 | D:2      | Noticed Sigmund
  1844 | D:2      | Killed Sigmund
  1844 | D:2      | Reached skill level 4 in Fighting
  1844 | D:2      | Gained mutation: You have sharp fingernails. [demonic ancestry]
  1844 | D:2      | Reached XP level 5. HP: 35/42 MP: 5/5
  1984 | D:2      | Found a blossoming altar of Fedhas.
  2154 | D:2      | Found a deep blue altar of Sif Muna.
  2421 | D:3      | Found a sparkling altar of Nemelex Xobeh.
  2555 | D:3      | Gained mutation: You are somewhat resistant to further mutation. [potion of mutation]
  2555 | D:3      | Gained mutation: You have a beak for a mouth. [potion of mutation]
  2870 | D:3      | Reached skill level 5 in Maces & Flails
  2870 | D:3      | Gained mutation: You regenerate health from kills. [demonic ancestry]
  2870 | D:3      | Reached XP level 6. HP: 43/48 MP: 6/6
  3361 | D:4      | Noticed Blork the orc
  3378 | D:4      | Slain by an orc

Action                   |  1- 3 |  4- 6 || total
-------------------------+-------+-------++-------
Melee: Mace              |    87 |   138 ||   225
Invok: Berserk           |       |     1 ||     1
  Use: Scroll            |     7 |     4 ||    11
       Potion            |       |     1 ||     1
 Stab: Sleeping          |     2 |       ||     2
  Eat: Chunk             |     2 |     4 ||     6
       Fruit             |       |     8 ||     8
       Bread ration      |       |     1 ||     1
